 Dungeon Crawl Stone Soup version 0.22.1-5-g62c59d9 (webtiles) character file.

48717 nicolaieve the Tortoise (level 14, -8/139 (140) HPs)
             Began as a Minotaur Berserker on Jan 15, 2019.
             Was the Champion of Trog.
             Mangled by a sun demon (12 damage)
             ... summoned by an orc high priest
             ... on level 2 of the Orcish Mines.
             The game lasted 00:46:46 (14771 turns).

nicolaieve the Tortoise (Minotaur Berserker)       Turns: 14771, Time: 00:46:47

HP:   -8/139 (140)  AC: 31    Str: 24    XL:     14   Next: 13%
MP:   13/13         EV: 14    Int:  8    God:    Trog [******]
Gold: 1131          SH:  5    Dex: 15    Spells: 13/13 levels left

rFire    . . .     SeeInvis +   G - +2 demon whip (flame)
rCold    . . .     Gourm    .   Q - +0 buckler "Soaf" {rElec rPois MR+ Dex+2}
rNeg     . . .     Faith    .   h - +8 chain mail "Giwylo" {+Inv rCorr}
rPois    +         Spirit   .   K - +0 hat
rElec    +         Reflect  .   d - +1 cloak
rCorr    +         Harm     .   q - +0 pair of gloves
MR       ++++.                  F - +0 pair of boots
Stlth    ..........             (no amulet)
HPRegen  1.33/turn              N - ring "Bipnos" {*Drain rPois EV+3 Int+4 SInv}
MPRegen  0.13/turn              P - +3 ring of protection

@: regenerating, hasted, very quick
A: retaliatory headbutt, horns 2
a: Berserk, Trog's Hand, Brothers in Arms, Renounce Religion, Evoke Invisibility


You were on level 2 of the Orcish Mines.
You worshipped Trog.
Trog was exalted by your worship.
You were not hungry.

You visited 3 branches of the dungeon, and saw 18 of its levels.
You also visited: Sewer and Ossuary.

You collected 1640 gold pieces.
You spent 509 gold pieces at shops.

Inventory:

Hand Weapons
 a - a +0 hunting sling
 G - a +2 demon whip of flaming (weapon)
 M - a +2 antimagic mace
Missiles
 H - 162 sling bullets
Armour
 d - a +1 cloak (worn)
 h - the +8 chain mail "Giwylo" (worn) {+Inv rCorr}
   (You found it on level 4 of the Dungeon)

   It lets you turn invisible.
   It provides partial protection from all sources of acid and corrosion.
 q - a +0 pair of gloves (worn)
 F - a +0 pair of boots (worn)
 K - a +0 hat (worn)
 Q - the +0 buckler "Soaf" (worn) {rElec rPois MR+ Dex+2}
   (You found it on level 2 of the Lair of Beasts)

   It affects your dexterity (+2).
   It insulates you from electricity.
   It protects you from poison.
   It affects your resistance to hostile enchantments.
Jewellery
 m - an uncursed ring of positive energy
 N - the ring "Bipnos" (left hand) {*Drain rPois EV+3 Int+4 SInv}
   (You bought it in a shop on level 9 of the Dungeon)

   [ring of evasion]

   It affects your evasion (+3).
   It affects your intelligence (+4).
   It protects you from poison.
   It lets you see invisible.
   It causes draining when unequipped.
 O - a +4 ring of intelligence
 P - a +3 ring of protection (right hand)
 S - an uncursed ring of flight
Wands
 k - a wand of digging (22)
 w - a wand of iceblast (7)
 A - a wand of flame (34)
 J - a wand of acid (15)
 R - a wand of disintegration (13)
 U - a wand of clouds (4)
 W - a wand of random effects (29)
 X - a wand of scattershot (4)
Scrolls
 e - 3 scrolls of random uselessness {unknown}
 l - a scroll of magic mapping {unknown}
 o - 6 scrolls of remove curse
 p - 8 scrolls of teleportation {unknown}
 r - a scroll of vulnerability {unknown}
 s - 5 scrolls of enchant armour {unknown}
 y - a scroll of blinking {unknown}
 z - 3 scrolls of summoning {unknown}
 C - 5 scrolls of enchant weapon {unknown}
 D - 2 scrolls of noise {unknown}
 E - 5 scrolls of fear {unknown}
 I - 2 scrolls of fog {unknown}
 L - a scroll of acquirement {unknown}
 V - a scroll of torment {unknown}
Potions
 b - 2 potions of flight
 f - 3 potions of haste
 g - 3 potions of ambrosia
 i - 5 potions of curing
 j - 5 potions of mutation {unknown}
 n - 8 potions of lignification {unknown}
 u - 3 potions of heal wounds {unknown}
 v - 2 potions of cancellation
 x - 2 potions of might
 B - a potion of invisibility
Comestibles
 c - 32 rations
 t - 22 chunks of flesh


   Skills:
 + Level 17.2 Fighting
 - Level 14.0 Maces & Flails
 + Level 17.5 Armour
 - Level 3.1 Dodging
 - Level 4.0 Shields


You had 13 spell levels left.
You didn't know any spells.
Your spell library was empty.

Dungeon Overview and Level Annotations

Branches:
Dungeon (10/15)            Temple (0/1) D:7            Lair (6/6) D:8
  Swamp (0/4) Lair:3        Snake (0/4) Lair:4        Slime (0/5) Lair:5
    Orc (2/2) D:10
    Elf: Orc:2

Altars:
Cheibriados
Gozag
Hepliaklqana
Kikubaaqudgha
Nemelex Xobeh
Qazlal
Trog
Uskayaw
Vehumet
Wu Jian
Xom
The Shining One
Jiyva

Shops:
D:9 }=(

Annotations:
Lair:5 3 runed doors, Wizonegh's ghost, journeyman MiBe
Lair:6 3 runed doors, emiel's ghost, journeyman FoNe
Orc:2 Saint Roka


Innate Abilities, Weirdness & Mutations

You reflexively headbutt those who attack you in melee.
You have a pair of horns on your head.


Message History

You feel resistant to hostile enchantments.
You feel somewhat more hungry.
The sun demon hits you but does no damage.
Saint Roka calls down the wrath of Beogh upon you.
Beogh smites you!
* * * LOW HITPOINT WARNING * * *
Unknown command.
Saint Roka roars a battlecry!
You feel yourself speed up.
The sun demon hits you but does no damage.
Saint Roka calls down the wrath of Beogh upon you.
Beogh smites you!
* * * LOW HITPOINT WARNING * * *
You hear a shout!
The sun demon barely misses you.
Saint Roka roars a battlecry!
The sun demon hits you!!
* * * LOW HITPOINT WARNING * * *
You are engulfed in flames!
You die...

#....).[o..........
###.)).(.o8o8......
#####)..ho....#
#####o###### ##
#(##[..#.. #.##...#.#
###.###'##.# ≈≈≈P #...
#.3........# ≈≈.. #...
#@##'##....# #≈..# #..
#.#...#)...# #..## +..
..#..)#....+ #♣...##
#.# ##.#####.####
#.....## #.#
#..........#
#......####.+
#.....####.####
#......'....# #..⌠..#
#....+
.......####.####.....#
+.#### .....^..#
#....))....# #.####


You could see a sun demon.

Vanquished Creatures
  Gastronok (D:8)
  Josephine (Lair:6)
  A hydra (Lair:4)
  4 catoblepae
  A centaur warrior (D:10)
  5 two-headed ogres
  7 death yaks (Lair:6)
  Nergalle (D:10)
  An unseen horror (D:10)
  2 orc sorcerers (Orc:2)
  2 manticores (Lair:6)
  8 elephants
  A centaur zombie (D:10)
  Maurice (D:10)
  2 black mambas
  Joseph (D:7)
  11 spiny frogs
  A rime drake (Lair:6)
  2 komodo dragons
  A polar bear (Lair:5)
  5 trolls
  2 tyrant leeches (Lair:3)
  2 hornets
  10 blink frogs
  7 hippogriffs
  A wyvern (Lair:3)
  4 wraiths (Lair:6)
  A shadow (D:10)
  Sigmund (D:3)
  51 yaks
  A basilisk (Lair:3)
  A steam dragon (D:8)
  3 hungry ghosts
  7 nagas (Lair:4)
  A swamp worm (Lair:3)
  A warg (Orc:2)
  5 water moccasins
  7 porcupines
  20 orc warriors
  3 ice beasts
  A necrophage (D:7)
  3 phantoms
  12 ogres
  3 crocodiles
  3 centaurs
  2 big kobolds
  17 bullfrogs
  2 elf zombies (Ossuary)
  5 scorpions
  5 killer bees (D:10)
  An electric eel (Lair:4)
  5 wights (D:10)
  3 crimson imps
  A quasit (D:10)
  A bullfrog zombie (D:5)
  4 hounds
  A jelly (D:8)
  Crazy Yiuf (D:5)
  13 orc priests
  A gnoll shaman (D:7)
  10 orc wizards
  2 centaur skeletons
  An iguana (D:6)
  4 worker ants
  A big kobold zombie (Ossuary)
  2 hound zombies
  A hound skeleton (D:8)
  5 mummies
  14 adders
  8 gnolls
  2 shadow imps
  13 oozes
  2 adder skeletons
  2 adder zombies
  7 worms
  5 dart slugs
  23 leopard geckos
  62 orcs
  5 bats
  18 giant cockroaches
  3 gnoll zombies (Ossuary)
  7 goblins
  11 hobgoblins
  12 jackals
  19 kobolds
  4 quokkas
  13 ball pythons
  A ball python skeleton (D:6)
  12 frilled lizards
  A jackal skeleton (D:7)
  2 kobold zombies (Ossuary)
  2 orc zombies (Ossuary)
  8 rats
  A fungus (Lair:6)
554 creatures vanquished.

Vanquished Creatures (others)
  2 fungi
2 creatures vanquished.

Grand Total: 556 creatures vanquished

Notes
Turn   | Place    | Note
-------+----------+-------------------------------------------
     0 | D:1      | nicolaieve the Minotaur Berserker began the quest for the
                  | Orb.
     0 | D:1      | Reached XP level 1. HP: 19/19 MP: 0/0
    69 | D:1      | Reached XP level 2. HP: 19/26 MP: 1/1
   177 | D:1      | Reached skill level 5 in Maces & Flails
   241 | D:1      | Reached XP level 3. HP: 26/31 MP: 2/2
   685 | D:2      | Found a bloodstained altar of Trog.
   740 | D:2      | Reached ** piety under Trog
  1037 | D:2      | Reached XP level 4. HP: 20/39 MP: 3/3
  1497 | D:3      | Found a glowing golden altar of the Shining One.
  1503 | D:3      | Reached XP level 5. HP: 32/45 MP: 4/4
  1688 | D:3      | Found a radiant altar of Vehumet.
  1691 | D:3      | Found a snail-covered altar of Cheibriados.
  1694 | D:3      | Found a shimmering altar of Xom.
  1780 | D:3      | Noticed an ogre
  1789 | D:3      | Killed an ogre
  2014 | D:3      | Found a faded altar of an unknown god.
  2207 | D:3      | Reached *** piety under Trog
  2226 | D:3      | Reached XP level 6. HP: 51/51 MP: 5/5
  2337 | D:3      | Noticed Sigmund
  2351 | D:3      | Killed Sigmund
  2379 | D:3      | Found an ornate altar of the Wu Jian Council.
  2625 | D:4      | Reached XP level 7. HP: 57/57 MP: 6/6
  2654 | D:4      | Got a translucent chain mail
  2665 | D:4      | Identified the +8 chain mail "Giwylo" {+Inv rCorr} (You
                  | found it on level 4 of the Dungeon)
  2700 | D:4      | Reached skill level 10 in Maces & Flails
  3102 | D:4      | Found a glowing drain.
  3125 | Sewer    | Entered a sewer
  3193 | Sewer    | Reached **** piety under Trog
  3245 | Sewer    | Reached XP level 8. HP: 64/64 MP: 7/7
  3597 | D:5      | Entered Level 5 of the Dungeon
  3755 | D:5      | Reached ***** piety under Trog
  3893 | D:5      | Found a runed door.
  3971 | D:5      | Found a stormy altar of Qazlal.
  4087 | D:5      | Found a radiant altar of Vehumet.
  4635 | D:5      | Noticed Crazy Yiuf
  4641 | D:5      | Killed Crazy Yiuf
  4723 | D:6      | Reached XP level 9. HP: 59/70 MP: 8/8
  4913 | D:6      | Found a sand-covered staircase.
  4922 | Ossuary  | Entered an ossuary
  4933 | Ossuary  | Reached skill level 5 in Armour
  5170 | D:6      | Found a sparkling altar of Nemelex Xobeh.
  5354 | D:7      | Received a gift from Trog
  5392 | D:7      | Noticed Joseph
  5397 | D:7      | Killed Joseph
  5464 | D:7      | Found a staircase to the Ecumenical Temple.
  5472 | D:7      | Reached skill level 5 in Fighting
  5941 | D:7      | Reached XP level 10. HP: 82/82 MP: 9/9
  6267 | D:8      | Paralysed by a hornet for 1 turns
  6304 | D:8      | Found an opulent altar of Gozag.
  6486 | D:8      | Found a staircase to the Lair.
  6518 | D:8      | Noticed a two-headed ogre
  6525 | D:8      | Killed a two-headed ogre
  6525 | D:8      | Reached skill level 10 in Armour
  6558 | D:8      | Found an ancient bone altar of Kikubaaqudgha.
  6579 | D:8      | Noticed Gastronok
  6592 | D:8      | Killed Gastronok
  6900 | D:9      | Found Doos's Gadget Shop.
  6910 | D:9      | Paralysed by a hornet for 3 turns
  7117 | D:9      | Found a hide-covered altar of Uskayaw.
  7153 | D:9      | Reached XP level 11. HP: 79/94 MP: 10/10
  7382 | D:9      | Found a hazy altar of Hepliaklqana.
  7400 | D:9      | Found Fisyulin's Jewellery Shoppe.
  7405 | D:9      | Bought the ring "Bipnos" {*Drain rPois EV+3 Int+4 SInv} for
                  | 509 gold pieces
  7432 | D:9      | Found Etiem's Antique Weapon Shoppe.
  7860 | D:10     | Entered Level 10 of the Dungeon
  7913 | D:10     | Noticed Maurice
  7919 | D:10     | Killed Maurice
  7947 | D:10     | Noticed a centaur warrior
  7954 | D:10     | Killed a centaur warrior
  7965 | D:10     | Noticed an unseen horror
  7969 | D:10     | Noticed a two-headed ogre
  7971 | D:10     | Killed an unseen horror
  7974 | D:10     | Killed a two-headed ogre
  7986 | D:10     | Noticed Nergalle
  8006 | D:10     | Killed Nergalle
  8006 | D:10     | Reached skill level 10 in Fighting
  8034 | D:10     | Received a gift from Trog
  8183 | D:10     | Found a staircase to the Orcish Mines.
  8732 | Lair:1   | Entered Level 1 of the Lair of Beasts
  9004 | Lair:1   | Reached XP level 12. HP: 93/109 MP: 11/11
  9390 | Lair:2   | Reached skill level 15 in Armour
  9487 | Lair:2   | Got a jewelled buckler
  9493 | Lair:2   | Identified the +0 buckler "Soaf" {rElec rPois MR+ Dex+2}
                  | (You found it on level 2 of the Lair of Beasts)
  9547 | Lair:2   | Reached skill level 1 in Shields
 10127 | Lair:3   | Found a staircase to the Swamp.
 10298 | Lair:3   | Received a gift from Trog
 10663 | Lair:4   | Noticed an eight-headed hydra
 11059 | Lair:4   | Found a staircase to the Snake Pit.
 11317 | Lair:4   | Killed an eight-headed hydra
 11485 | Lair:5   | Reached XP level 13. HP: 115/122 MP: 12/12
 11680 | Lair:5   | Found a runed gate.
 11680 | Lair:5   | Found a runed gate.
 11680 | Lair:5   | Found a runed gate.
 11699 | Lair:5   | Noticed Wizonegh's ghost (journeyman MiBe)
 11727 | Lair:5   | Found a viscous altar of Jiyva.
 11728 | Lair:5   | Found a staircase to the Slime Pits.
 12224 | Lair:6   | Entered Level 6 of the Lair of Beasts
 12472 | Lair:6   | Reached skill level 15 in Fighting
 12615 | Lair:6   | Found a runed gate.
 12615 | Lair:6   | Found a runed gate.
 12615 | Lair:6   | Found a runed gate.
 12616 | Lair:6   | Noticed emiel's ghost (journeyman FoNe)
 13013 | Lair:6   | Reached ****** piety under Trog
 13070 | Lair:6   | Noticed Josephine
 13087 | Lair:6   | Killed Josephine
 13087 | Lair:6   | Received a gift from Trog
 13975 | Orc:1    | Entered Level 1 of the Orcish Mines
 14058 | Orc:2    | Entered Level 2 of the Orcish Mines
 14233 | Orc:2    | Reached XP level 14. HP: 116/137 MP: 13/13
 14745 | Orc:2    | Noticed Saint Roka
 14771 | Orc:2    | HP: 4/139 [sun demon[an orc high priest] (20)]
 14771 | Orc:2    | Mangled by a sun demon

Skill      XL: |  1  2  3  4  5  6  7  8  9 10 11 12 13 14 |
---------------+-------------------------------------------+-----
Maces & Flails | 4 5 6 7 8 9 11 13 14 | 14.0
Armour         | 3 8 12 14 16 17 | 17.5
Fighting       | 5 8 11 13 16 17 | 17.2
Shields        | 4 |  4.0
Dodging        | 3 |  3.1

Action                   |  1- 3 |  4- 6 |  7- 9 | 10-12 | 13-15 || total
-------------------------+-------+-------+-------+-------+-------++-------
Melee: Mace              |    78 |   125 |   413 |       |       ||   616
       Headbutt          |    10 |    18 |    87 |   137 |   156 ||   408
       Demon whip        |       |       |    74 |   586 |   480 ||  1140
Invok: Berserk           |     1 |     3 |     3 |     3 |     3 ||    13
       Trog's Hand       |       |     2 |     1 |     3 |     2 ||     8
  Use: Scroll            |       |     3 |     5 |     2 |     3 ||    13
       Potion            |       |       |       |       |     1 ||     1
 Stab: Sleeping          |       |     1 |       |       |       ||     1
  Eat: Chunk             |       |     9 |    15 |    26 |    10 ||    60
       Ration            |       |       |       |       |     1 ||     1
Armor: Animal skin       |    14 |     7 |       |       |       ||    21
       Ring mail         |       |    32 |     1 |       |       ||    33
       Leather armour    |       |     1 |       |       |       ||     1
       Chain mail        |       |       |   331 |   217 |   141 ||   689
Dodge: Dodged            |    36 |    61 |   220 |   190 |   166 ||   673
Block: Buckler           |       |       |       |    38 |    64 ||   102
